 Dungeon Crawl Stone Soup version 0.17-a0-2127-g1cb09f6 (webtiles) character file.

289 wvc the Cudgeler (level 6, 0/53 HPs)
             Began as a Draconian Wanderer on Oct 23, 2015.
             Was a Follower of Cheibriados.
             Slain by Grinder (3 damage)
             ... on level 3 of the Dungeon.
             The game lasted 00:06:53 (2519 turns).

wvc the Cudgeler (Draconian Wanderer)               Turns: 2519, Time: 00:06:53

Health: 0/53       AC: 10    Str: 18    XL:     6   Next: 9%
Magic:  7/7        EV: 13    Int: 15    God:    Cheibriados [*.....]
Gold:   183        SH:  0    Dex: 15    Spells: 0 memorised, 7 levels left

rFire  . . .     SeeInvis .     A - +0 mace
rCold  . . .     Clarity  .     (armour unavailable)
rNeg   . . .     SustAt   .     (no shield)
rPois  .         Gourm    .     (helmet restricted)
rElec  .         Spirit   .     o - +0 cloak
rCorr  .         Warding  .     x - +2 pair of gloves
rMut   .         Stasis   .     (no boots)
MR     .....                    (no amulet)
Stlth  +++.......               (no ring)
                                D - ring of stealth

@: lethally poisoned (0 -> -2), very slightly contaminated, hasted, quick, not
resistant to hostile enchantments, fairly stealthy
A: unfitting armour, cold-blooded, AC +6
a: Bend Time, Renounce Religion


You were on level 3 of the Dungeon.
You worshipped Cheibriados.
Cheibriados was aware of your devotion.
You were not hungry.

You visited 1 branch of the dungeon, and saw 3 of its levels.

You collected 183 gold pieces.

Inventory:

Hand Weapons
 c - a +0 shortbow
 A - a +0 mace (weapon)
Missiles
 d - 17 arrows
 i - 4 needles of paralysis
 v - 4 javelins (quivered)
 E - 14 arrows of flame
Armour
 o - a +0 cloak (worn)
 x - a +2 pair of gloves (worn)
Jewellery
 D - a ring of stealth (left hand)
Wands
 B - a wand of disintegration (12)
Scrolls
 b - a scroll of teleportation
 f - 2 scrolls of fog {unknown}
 g - a scroll of remove curse {unknown}
 h - 5 scrolls of identify {unknown}
 n - 2 scrolls of enchant weapon {unknown}
 p - a scroll of random uselessness {unknown}
 q - 3 scrolls of amnesia {unknown}
 r - a scroll of enchant armour {unknown}
 t - 3 scrolls of magic mapping {unknown}
 u - a scroll of recharging {unknown}
 y - a scroll of blinking {unknown}
 G - 2 scrolls of noise {unknown}
 H - a scroll of immolation {unknown}
Potions
 j - a potion of might {unknown}
 m - a potion of cancellation {unknown}
 s - a potion of brilliance {unknown}
 w - a potion of poison
 C - a potion of curing {unknown}
 F - a potion of haste
Books
 a - a book of Minor Magic

   Spells                             Type                      Level
   a - Magic Dart                     Conjuration                  1
   b - Blink                          Translocation                2
   c - Call Imp                       Summoning                    2
   d - Repel Missiles                 Charms/Air                   2
   e - Slow                           Hexes                        2
   f - Conjure Flame                  Conjuration/Fire             3
   g - Mephitic Cloud                 Conjuration/Poison/Air       3
Comestibles
 e - 5 bread rations
 z - 2 meat rations
 I - 4 chunks of flesh


   Skills:
 - Level 4.3 Fighting
 * Level 4.9 Maces & Flails
 - Level 1.0 Bows
 - Level 2.9 Dodging
 - Level 1.0 Stealth
   Level 1.0 Shields
 - Level 1.0 Spellcasting
   Level 2.0 Earth Magic


You had 7 spell levels left.
You didn't know any spells.

Dungeon Overview and Level Annotations

Branches:
Dungeon (3/15)

Altars:
Ashenzari
Cheibriados
Ru
Yredelemnul

Annotations:
D:3 Grinder


Innate Abilities, Weirdness & Mutations

Your plain brown scales are hard (AC +6).
Your body does not fit into most forms of armour.
You are cold-blooded and may be slowed by cold attacks.


Message History

You barely miss Grinder.
Grinder is severely wounded.
Grinder gestures at you. Pain shoots through your body!
You hit Grinder.
Grinder is severely wounded.
You feel sick. Grinder gestures at you. Pain shoots through your body!
* * * LOW HITPOINT WARNING * * *
You are too injured to fight recklessly!
You are too injured to fight recklessly!
You are too injured to fight recklessly!
You are too injured to fight recklessly!
You hit Grinder but do no damage. You tail-slap Grinder.
Grinder is almost dead.
Grinder hits you.
* * * LOW HITPOINT WARNING * * *
You writhe in agony.
You die...

#........###
#..........#
##..#...###.#
#########.....### #.#
..............# #.#
##..).........# #.#
..............#####.#
....####.......5....#
#...# #)#######@#.##
##..# #.# #.#.# ....#
#.# #.#.# ##.## #.#
(...# #.# #.# ..###
#.# #.### #..#
##)#####...# #..#
..).>....#.# #..#
##.#######<#


You could see Grinder.

Vanquished Creatures
  An ogre (D:3)
  Ijyb (D:3)
  A gnoll (D:1)
  7 adders
  2 oozes (D:2)
  4 worms
  2 giant geckos
  2 orcs (D:3)
  5 giant cockroaches
  13 goblins
  4 hobgoblins
  3 quokkas
  9 bats
  2 giant newts
  9 jackals
  8 kobolds
  8 rats
81 creatures vanquished.

Notes
Turn   | Place    | Note
--------------------------------------------------------------
     0 | D:1      | wvc the Draconian Wanderer began the quest for the Orb.
     0 | D:1      | wvc set off with: a book of Minor Magic, a scroll of teleportation, a +0 shortbow, 27 arrows, a bread ration
     0 | D:1      | Reached XP level 1. HP: 22/22 MP: 2/2
    66 | D:1      | Reached skill level 1 in Maces & Flails
   115 | D:1      | Reached XP level 2. HP: 28/28 MP: 3/3
   671 | D:1      | Reached XP level 3. HP: 34/34 MP: 4/4
  1217 | D:2      | Reached skill level 1 in Dodging
  1250 | D:2      | Found a sacrificial altar of Ru.
  1255 | D:2      | Reached XP level 4. HP: 41/41 MP: 5/5
  1427 | D:2      | Found a snail-covered altar of Cheibriados.
  1445 | D:2      | Became a worshipper of Cheibriados the Contemplative
  1468 | D:2      | Found a shattered altar of Ashenzari.
  1697 | D:3      | Found a basalt altar of Yredelemnul.
  1776 | D:3      | Noticed an ogre
  1782 | D:3      | Killed an ogre
  1782 | D:3      | Reached XP level 5. HP: 8/47 MP: 6/6
  2115 | D:3      | Reached * piety under Cheibriados
  2401 | D:3      | Noticed Ijyb
  2417 | D:3      | Killed Ijyb
  2417 | D:3      | Reached XP level 6. HP: 39/53 MP: 7/7
  2483 | D:3      | Noticed Grinder
  2497 | D:3      | Paralysed by Grinder for 4 turns
  2500 | D:3      | HP: 2/53 [Grinder (5)]
  2505 | D:3      | Paralysed by Grinder for 7 turns
  2519 | D:3      | Slain by Grinder

Vault maps used:
D:1:      scummos_arrival_checkerplants, minmay_misc_feat_doors
D:2:      ashenzari_altar_1, cheibriados_altar_1,
          nicolae_ru_great_annihilating_truth
D:3:      yredelemnul_altar_generic, first_bread, kennysheep_generic_room_13,
          uniq_grinder, uniq_iyjb

Action                   |  1- 3 |  4- 6 || total
-------------------------+-------+-------++-------
Melee: Whip              |     3 |     7 ||    10
       Mace              |       |   131 ||   131
 Fire: Shortbow          |   119 |    20 ||   139
Throw: Throwing net      |     1 |     3 ||     4
       Javelin           |       |     6 ||     6
  Use: Potion            |       |     4 ||     4
 Stab: Sleeping          |       |     3 ||     3
       Distracted        |       |     1 ||     1
  Eat: Chunk             |     1 |     1 ||     2
       Pizza             |       |     2 ||     2
